TOP OF THE 1ST |
Redwood City Redwoods batting - Pitching for Gresham Gold Souls : RHP Butch Ramey
|
Pitching: RHP Butch Ramey
|
|
Batting: LHB Alfonso Montoya
|
0-0: Ball 1-0: Foul Ball, location: 2F 1-1: SINGLE (Groundball, 56D)
|
Batting: RHB Anastasio García
|
0-0: Ball Alfonso Montoya is caught stealing 2nd base 1-0: Foul Ball, location: 2F 1-1: Foul Ball, location: 2F 1-2: Ball 2-2: Foul Ball, location: 2F 2-2: Ball 3-2: Foul Ball, location: 2F 3-2: Strikes out looking
|
Batting: LHB Vincente Sáenz
|
0-0: Ball 1-0: Foul Ball, location: 2F 1-1: Foul Ball, location: 2F 1-2: Ball 2-2: Foul Ball, location: 2F 2-2: Ball 3-2: Base on Balls
|
Batting: LHB Patrick Bright
|
0-0: Ball 1-0: Foul Ball, location: 2F 1-1: Foul Ball, location: 2F 1-2: Ball 2-2: SINGLE (Line Drive, 4MD) Vincente Sáenz to second
|
Batting: RHB Fu Tse
|
0-0: Swinging Strike 0-1: Ball 1-1: Swinging Strike 1-2: Foul Ball, location: 2F 1-2: Ground out 6-3 (Groundball, 6)
|
Top of the 1st over - 0 run(s), 2 hit(s), 0 error(s), 2 left on base; Redwood City 0 - Gresham 0 |
BOTTOM OF THE 1ST |
Gresham Gold Souls batting - Pitching for Redwood City Redwoods : RHP Ron Williams
|
Pitching: RHP Ron Williams
|
|
Batting: SHB Sean Carr
|
0-0: Called Strike 0-1: Swinging Strike 0-2: Ball 1-2: Ground out 5-3 (Groundball, 56)
|
Batting: RHB Carlos García
|
0-0: Fly out, F9 (Flyball, 89S)
|
Batting: LHB Mike Young
|
0-0: Swinging Strike 0-1: Ball 1-1: Foul Ball, location: 2F 1-2: Strikes out swinging
|
Bottom of the 1st over - 0 run(s), 0 hit(s), 0 error(s), 0 left on base; Redwood City 0 - Gresham 0 |
TOP OF THE 2ND |
Redwood City Redwoods batting - Pitching for Gresham Gold Souls : RHP Butch Ramey
|
Batting: LHB Tony Warrilow
|
0-0: Ball 1-0: Swinging Strike 1-1: Foul Ball, location: 2F 1-2: Foul Ball, location: 2F 1-2: Ball 2-2: Foul Ball, location: 2F 2-2: Fly out, F7 (Flyball, 78S)
|
Batting: RHB Carlos Gonzáles
|
0-0: Ball 1-0: Ball 2-0: Ball 3-0: Base on Balls
|
Batting: RHB William Parker
|
0-0: Ball 1-0: Called Strike 1-1: Ground out 5-3 (Groundball, 56S) Carlos Gonzáles to second
|
Batting: RHB Joe Flint
|
0-0: Called Strike 0-1: Ball 1-1: Called Strike 1-2: Strikes out looking
|
Top of the 2nd over - 0 run(s), 0 hit(s), 0 error(s), 1 left on base; Redwood City 0 - Gresham 0 |
BOTTOM OF THE 2ND |
Gresham Gold Souls batting - Pitching for Redwood City Redwoods : RHP Ron Williams
|
Batting: LHB Salvador Ruíz
|
0-0: Foul Ball, location: 2F 0-1: Ball 1-1: Fly out, F8 (Flyball, 8RD)
|
Batting: RHB Pablo Lucero
|
0-0: Foul Ball, location: 2F 0-1: Foul Ball, location: 2F 0-2: Strikes out looking
|
Batting: RHB Jeff Thompson
|
0-0: Ball 1-0: Ball 2-0: Foul Ball, location: 2F 2-1: DOUBLE (Line Drive, 9LS)
|
Batting: RHB Douglas Davis
|
0-0: Ball 1-0: Ball 2-0: Ball 3-0: Base on Balls
|
Batting: RHB Pablo Castillo
|
0-0: Called Strike 0-1: Fly out, F8 (Flyball, 78XD)
|
Bottom of the 2nd over - 0 run(s), 1 hit(s), 0 error(s), 2 left on base; Redwood City 0 - Gresham 0 |
TOP OF THE 3RD |
Redwood City Redwoods batting - Pitching for Gresham Gold Souls : RHP Butch Ramey
|
Batting: LHB Alfonso Montoya
|
0-0: Called Strike 0-1: Called Strike 0-2: Foul Ball, location: 2F 0-2: Ground out 1-3 (Groundball, 13)
|
Batting: RHB Anastasio García
|
0-0: Called Strike 0-1: Ball 1-1: Foul Ball, location: 2F 1-2: Ground out 5-3 (Groundball, 56)
|
Batting: LHB Vincente Sáenz
|
0-0: Foul Ball, location: 2F 0-1: Swinging Strike 0-2: DOUBLE (Flyball, 9D)
|
Batting: LHB Patrick Bright
|
0-0: Foul Ball, location: 2F 0-1: Ground out 4-3 (Groundball, 34)
|
Top of the 3rd over - 0 run(s), 1 hit(s), 0 error(s), 1 left on base; Redwood City 0 - Gresham 0 |
BOTTOM OF THE 3RD |
Gresham Gold Souls batting - Pitching for Redwood City Redwoods : RHP Ron Williams
|
Batting: SHB Vicente Martínez
|
0-0: Reached on error, E4 (Groundball, 4MS)
|
Batting: SHB Sean Carr
|
0-0: Ball 1-0: Ball 2-0: Ball 3-0: Called Strike 3-1: Base on Balls
|
Batting: RHB Carlos García
|
0-0: Swinging Strike 0-1: Foul Ball, location: 2F 0-2: Ball 1-2: Strikes out looking
|
Batting: LHB Mike Young
|
0-0: Ball 1-0: Called Strike 1-1: SINGLE (Groundball, 34D) Vicente Martínez to third Sean Carr to second Runner from 3rd tries for Home, SAFE, no throw or cutoff
|
Batting: LHB Salvador Ruíz
|
0-0: Ball 1-0: Foul Ball, location: 2F 1-1: Foul Ball, location: 2F 1-2: Fielders Choice at 2nd, 6-4 (Groundball, 6M) Sean Carr to third
|
Batting: RHB Pablo Lucero
|
0-0: Ball 1-0: Swinging Strike 1-1: Ball 2-1: Foul Ball, location: 2F 2-2: Foul Ball, location: 2F 2-2: Ball 3-2: SINGLE (Flyball, 8LS) Sean Carr scores Salvador Ruíz to second Salvador Ruíz to third
|
Batting: RHB Jeff Thompson
|
0-0: 3-RUN HOME RUN (Flyball, 9D), Distance : 378 ft
|
Batting: RHB Douglas Davis
|
0-0: Ball 1-0: Swinging Strike 1-1: Fly out, F8 (Flyball, 8LM)
|
Bottom of the 3rd over - 5 run(s), 3 hit(s), 1 error(s), 0 left on base; Redwood City 0 - Gresham 5 |
TOP OF THE 4TH |
Redwood City Redwoods batting - Pitching for Gresham Gold Souls : RHP Butch Ramey
|
Batting: RHB Fu Tse
|
0-0: Called Strike 0-1: Ball 1-1: Ground out 4-3 (Groundball, 4M)
|
Batting: LHB Tony Warrilow
|
0-0: Ground out 4-3 (Groundball, 4M)
|
Batting: RHB Carlos Gonzáles
|
0-0: Called Strike 0-1: Bunted foul 0-2: Foul Ball, location: 2F 0-2: Ground out 4-3 (Groundball, 6M)
|
Top of the 4th over - 0 run(s), 0 hit(s), 0 error(s), 0 left on base; Redwood City 0 - Gresham 5 |
BOTTOM OF THE 4TH |
Gresham Gold Souls batting - Pitching for Redwood City Redwoods : RHP Ron Williams
|
Batting: RHB Pablo Castillo
|
0-0: Called Strike 0-1: DOUBLE (Line Drive, 5L)
|
Batting: SHB Vicente Martínez
|
0-0: DOUBLE (Flyball, 7LS) Pablo Castillo scores
|
Batting: SHB Sean Carr
|
0-0: Ball 1-0: Called Strike 1-1: Swinging Strike 1-2: Ball 2-2: Strikes out swinging
|
Batting: RHB Carlos García
|
0-0: Fly out, F9 (Flyball, 89D)
|
Batting: LHB Mike Young
|
0-0: SINGLE (Flyball, 7LS) Vicente Martínez to third
|
Batting: LHB Salvador Ruíz
|
0-0: Ball 1-0: Called Strike 1-1: Ball 2-1: Ball 3-1: SINGLE (Groundball, 3L) Vicente Martínez scores Mike Young to second Runner from 2nd tries for 3rd, SAFE, no throw or cutoff
|
Batting: RHB Pablo Lucero
|
0-0: Called Strike 0-1: Ball 1-1: Ball 2-1: Ball 3-1: Foul Ball, location: 2F 3-2: Base on Balls Salvador Ruíz to second
|
Batting: RHB Jeff Thompson
|
0-0: Ball 1-0: Foul Ball, location: 2F 1-1: SINGLE (Groundball, 56) Mike Young scores Salvador Ruíz to third Pablo Lucero to second Runner from 3rd tries for Home, SAFE, no throw or cutoff
|
Pitching: RHP Willie McMillan
|
|
Batting: RHB Douglas Davis
|
0-0: Called Strike 0-1: Swinging Strike 0-2: Ball 1-2: Foul Ball, location: 2F 1-2: Strikes out swinging
|
Bottom of the 4th over - 4 run(s), 5 hit(s), 0 error(s), 2 left on base; Redwood City 0 - Gresham 9 |
TOP OF THE 5TH |
Redwood City Redwoods batting - Pitching for Gresham Gold Souls : RHP Butch Ramey
|
Batting: RHB William Parker
|
0-0: Swinging Strike 0-1: Ground out 4-3 (Groundball, 4M)
|
Batting: RHB Joe Flint
|
0-0: Foul Ball, location: 2F 0-1: Foul Ball, location: 2F 0-2: Ball 1-2: DOUBLE (Line Drive, 78D)
|
Batting: LHB Alfonso Montoya
|
0-0: Ball 1-0: Ball 2-0: Swinging Strike 2-1: Foul Ball, location: 2F 2-2: Fly out, F3 (Popup, 23F)
|
Batting: RHB Anastasio García
|
0-0: Ball 1-0: Called Strike 1-1: Foul Ball, location: 2F 1-2: Ground out 6-3 (Groundball, 6)
|
Top of the 5th over - 0 run(s), 1 hit(s), 0 error(s), 1 left on base; Redwood City 0 - Gresham 9 |
BOTTOM OF THE 5TH |
Gresham Gold Souls batting - Pitching for Redwood City Redwoods : RHP Willie McMillan
|
Batting: RHB Pablo Castillo
|
0-0: Foul Ball, location: 2F 0-1: Swinging Strike 0-2: Ball 1-2: Foul Ball, location: 2F 1-2: Ball 2-2: Ball 3-2: Foul Ball, location: 2F 3-2: Foul Ball, location: 2F 3-2: Strikes out swinging
|
Batting: SHB Vicente Martínez
|
0-0: Ball 1-0: Ball 2-0: Ball 3-0: Called Strike 3-1: Base on Balls
|
Batting: SHB Sean Carr
|
0-0: Fly out, F5 (Popup, 56S)
|
Batting: RHB Carlos García
|
0-0: Ball 1-0: Ball 2-0: Ball 3-0: Base on Balls Vicente Martínez to second
|
Batting: LHB Mike Young
|
0-0: Ball 1-0: Ball 2-0: Called Strike 2-1: Ball 3-1: Base on Balls Vicente Martínez to third Carlos García to second
|
Batting: LHB Salvador Ruíz
|
0-0: Ball 1-0: SINGLE (Line Drive, 3D) Vicente Martínez scores Carlos García to third Mike Young to second Runner from 3rd tries for Home, SAFE, no throw or cutoff
|
Batting: RHB Pablo Lucero
|
0-0: Ball 1-0: Called Strike 1-1: 3-RUN HOME RUN (Line Drive, 78XD), Distance : 418 ft
|
Batting: RHB Jeff Thompson
|
0-0: Ball 1-0: Ball 2-0: Foul Ball, location: 2F 2-1: Ball 3-1: DOUBLE (Flyball, 8LXD)
|
Pitching: RHP Lúcio Solano
|
|
Batting: RHB Douglas Davis
|
0-0: Ball 1-0: Called Strike 1-1: Called Strike 1-2: Ball 2-2: Strikes out swinging
|
Bottom of the 5th over - 5 run(s), 3 hit(s), 0 error(s), 1 left on base; Redwood City 0 - Gresham 14 |
TOP OF THE 6TH |
Redwood City Redwoods batting - Pitching for Gresham Gold Souls : RHP Butch Ramey
|
Batting: LHB Vincente Sáenz
|
0-0: Ball 1-0: Called Strike 1-1: Called Strike 1-2: Ball 2-2: Strikes out swinging
|
Pinch Hitting: LHB Oliver Frías
|
0-0: Ball 1-0: Foul Ball, location: 2F 1-1: Ball 2-1: Ball 3-1: Foul Ball, location: 2F 3-2: Ground out U3 (Groundball, 3L)
|
Batting: RHB Fu Tse
|
0-0: Called Strike 0-1: Ball 1-1: Called Strike 1-2: Ball 2-2: Ball 3-2: SOLO HOME RUN (Flyball, 7D), Distance : 372 ft
|
Batting: LHB Tony Warrilow
|
0-0: Called Strike 0-1: Ball 1-1: Foul Ball, location: 2F 1-2: Foul Ball, location: 2F 1-2: Ball 2-2: Foul Ball, location: 2F 2-2: Ball 3-2: Base on Balls
|
Pitching: RHP León Trevino
|
|
Batting: RHB Carlos Gonzáles
|
0-0: Ball 1-0: Swinging Strike 1-1: SINGLE (Line Drive, 4MD) Tony Warrilow to second
|
Batting: RHB William Parker
|
0-0: Ball 1-0: Fielders Choice at 2nd, U6 (Groundball, 6M)
|
Top of the 6th over - 1 run(s), 2 hit(s), 0 error(s), 2 left on base; Redwood City 1 - Gresham 14 |
BOTTOM OF THE 6TH |
Gresham Gold Souls batting - Pitching for Redwood City Redwoods : RHP Lúcio Solano
|
Now at SS: Juan Hernández
|
|
Batting: RHB Pablo Castillo
|
0-0: Ball 1-0: Ball 2-0: Called Strike 2-1: Ground out 5-3 (Groundball, 5)
|
Batting: SHB Vicente Martínez
|
0-0: Ground out U3 (Groundball, 3)
|
Batting: SHB Sean Carr
|
0-0: Swinging Strike 0-1: Ball 1-1: Ball 2-1: Ball 3-1: Base on Balls
|
Batting: RHB Carlos García
|
0-0: Called Strike 0-1: Ball 1-1: Ball 2-1: SINGLE (Groundball, 4M) Sean Carr to second
|
Batting: LHB Mike Young
|
0-0: Ball 1-0: Called Strike 1-1: Ball 2-1: Ball 3-1: Called Strike 3-2: Foul Ball, location: 2F 3-2: Foul Ball, location: 2F 3-2: Base on Balls Sean Carr to third Carlos García to second
|
Batting: LHB Salvador Ruíz
|
0-0: Ball 1-0: Called Strike 1-1: Ball 2-1: Foul Ball, location: 2F 2-2: Foul Ball, location: 2F 2-2: Foul Ball, location: 2F 2-2: Strikes out swinging
|
Bottom of the 6th over - 0 run(s), 1 hit(s), 0 error(s), 3 left on base; Redwood City 1 - Gresham 14 |
TOP OF THE 7TH |
Redwood City Redwoods batting - Pitching for Gresham Gold Souls : RHP León Trevino
|
Batting: RHB Joe Flint
|
0-0: Ground out 1-3 (Groundball, 23)
|
Batting: LHB Alfonso Montoya
|
0-0: Called Strike 0-1: Ball 1-1: Ball 2-1: Ball 3-1: Bunt for hit - play at first, batter OUT! 1-3
|
Batting: RHB Anastasio García
|
0-0: Ball 1-0: Foul Ball, location: 2F 1-1: Foul Ball, location: 2F 1-2: Strikes out looking
|
Top of the 7th over - 0 run(s), 0 hit(s), 0 error(s), 0 left on base; Redwood City 1 - Gresham 14 |
BOTTOM OF THE 7TH |
Gresham Gold Souls batting - Pitching for Redwood City Redwoods : RHP Lúcio Solano
|
Batting: RHB Pablo Lucero
|
0-0: Foul Ball, location: 2F 0-1: Ball 1-1: Called Strike 1-2: Ball 2-2: Foul Ball, location: 2F 2-2: DOUBLE (Line Drive, 9LS)
|
Batting: RHB Jeff Thompson
|
0-0: Ball 1-0: Swinging Strike 1-1: Foul Ball, location: 2F 1-2: Strikes out swinging
|
Batting: RHB Douglas Davis
|
0-0: Foul Ball, location: 2F 0-1: Ground out 4-3 (Groundball, 34) Pablo Lucero to third
|
Batting: RHB Pablo Castillo
|
0-0: Ball 1-0: Ball 2-0: Ball 3-0: Base on Balls
|
Batting: SHB Vicente Martínez
|
0-0: Ball 1-0: Fielders Choice at 2nd, U4 (Groundball, 4M)
|
Bottom of the 7th over - 0 run(s), 1 hit(s), 0 error(s), 2 left on base; Redwood City 1 - Gresham 14 |
TOP OF THE 8TH |
Redwood City Redwoods batting - Pitching for Gresham Gold Souls : RHP León Trevino
|
Batting: LHB Vincente Sáenz
|
0-0: Ball 1-0: Ball 2-0: Ball 3-0: Base on Balls
|
Batting: LHB Juan Hernández
|
0-0: Ball 1-0: Ball 2-0: Reached on error, E4 (Groundball, 4) Vincente Sáenz to second
|
Batting: RHB Fu Tse
|
0-0: Swinging Strike 0-1: Ball 1-1: SINGLE (Groundball, 56) Vincente Sáenz to third Juan Hernández to second
|
Batting: LHB Tony Warrilow
|
0-0: Called Strike 0-1: Ball 1-1: Ball 2-1: Ball 3-1: Base on Balls Vincente Sáenz scores Juan Hernández to third Fu Tse to second
|
Pinch Hitting: LHB Glen Martin
|
0-0: Called Strike 0-1: Ball 1-1: Foul Ball, location: 2F 1-2: Strikes out swinging
|
Batting: RHB William Parker
|
0-0: Called Strike 0-1: Foul Ball, location: 2F 0-2: Ball 1-2: Foul Ball, location: 2F 1-2: Ball 2-2: Foul Ball, location: 2F 2-2: GRAND SLAM HOME RUN (Flyball, 7LD), Distance : 361 ft
|
Pitching: RHP Ricky Gutiérrez
|
|
Batting: RHB Joe Flint
|
0-0: Called Strike 0-1: Ball 1-1: Fly out, F3 (Popup, 3SF)
|
Batting: LHB Alfonso Montoya
|
0-0: Ball 1-0: Called Strike 1-1: Called Strike 1-2: Ball 2-2: Foul Ball, location: 2F 2-2: Strikes out swinging
|
Top of the 8th over - 5 run(s), 2 hit(s), 1 error(s), 0 left on base; Redwood City 6 - Gresham 14 |
BOTTOM OF THE 8TH |
Gresham Gold Souls batting - Pitching for Redwood City Redwoods : RHP Lúcio Solano
|
Pitching: RHP Carl Murgatroyd
|
|
Now at 3B: Dan Martin
|
|
Batting: SHB Sean Carr
|
0-0: Ball 1-0: Ball 2-0: Ball 3-0: Called Strike 3-1: Base on Balls
|
Batting: RHB Carlos García
|
0-0: Fielders Choice at 2nd, 4-6 (Groundball, 34)
|
Batting: LHB Mike Young
|
0-0: Called Strike 0-1: Ball 1-1: Ball 2-1: Ball 3-1: Reached on error, E6 (Groundball, 6) Carlos García to second
|
Batting: LHB Salvador Ruíz
|
0-0: Foul Ball, location: 2F 0-1: Ball 1-1: Ball 2-1: Ball 3-1: Base on Balls Carlos García to third Mike Young to second
|
Batting: RHB Pablo Lucero
|
0-0: Swinging Strike 0-1: Ball 1-1: Swinging Strike 1-2: Grounds into fielders choice 1-2 (Groundball, 15S) Mike Young to third Salvador Ruíz to second
|
Batting: RHB Jeff Thompson
|
0-0: Ball 1-0: Ball 2-0: Called Strike 2-1: Ball 3-1: Foul Ball, location: 2F 3-2: Foul Ball, location: 2F 3-2: Base on Balls Mike Young scores Salvador Ruíz to third Pablo Lucero to second
|
Batting: RHB Douglas Davis
|
0-0: Ball 1-0: Ball Wild Pitch! Salvador Ruíz scores Pablo Lucero to third Jeff Thompson to second 2-0: Swinging Strike 2-1: Ball 3-1: Base on Balls
|
Batting: RHB Pablo Castillo
|
0-0: GRAND SLAM HOME RUN (Flyball, 78XD), Distance : 416 ft
|
Pitching: RHP Jim Williams
|
|
Batting: SHB Vicente Martínez
|
0-0: Ball 1-0: Ball 2-0: Foul Ball, location: 2F 2-1: Foul Ball, location: 2F 2-2: SINGLE (Groundball, 4MD)
|
Batting: SHB Sean Carr
|
0-0: Ground out 4-3 (Groundball, 4)
|
Bottom of the 8th over - 6 run(s), 2 hit(s), 1 error(s), 1 left on base; Redwood City 6 - Gresham 20 |
TOP OF THE 9TH |
Redwood City Redwoods batting - Pitching for Gresham Gold Souls : RHP Ricky Gutiérrez
|
Batting: RHB Anastasio García
|
0-0: Fly out, F8 (Line Drive, 8RM)
|
Batting: LHB Vincente Sáenz
|
0-0: Ground out 3-1 (Groundball, 34)
|
Batting: LHB Juan Hernández
|
0-0: Ball 1-0: Foul Ball, location: 2F 1-1: SINGLE (Line Drive, 3D)
|
Batting: RHB Fu Tse
|
0-0: Called Strike 0-1: Ball 1-1: Swinging Strike 1-2: Strikes out looking
|
Top of the 9th over - 0 run(s), 1 hit(s), 0 error(s), 1 left on base; Redwood City 6 - Gresham 20 |
|